 Dungeon Crawl Stone Soup version 0.30-a0-368-g86fb4627a9 (webtiles) character file.

Game seed: 3689211714413866502

48285 oldriver the Eclecticist (level 14, -4/106 HPs)
             Began as a Mummy Necromancer on Nov 17, 2022.
             Was the Champion of Hepliaklqana.
             Slain by an orc warrior
             ... wielding a +4 scimitar of holy wrath
              (31 damage)
             ... on level 1 of the Orcish Mines on Nov 18, 2022.
             The game lasted 00:45:43 (22461 turns).

oldriver the Eclecticist (Mummy Necromancer)       Turns: 22461, Time: 00:45:44

Health: -4/106     AC: 18    Str: 12    XL:     14   Next: 11%
Magic:  28/33      EV: 13    Int: 21    God:    Hepliaklqana [******]
Gold:   742        SH:  7    Dex: 13    Spells: 24/44 levels left

rFire   . . .      SeeInvis +    p - +4 mace "Conservator" {vorpal, rC+++}
rCold   + + +      Faith    +    y - +2 buckler
rNeg    + + +      Spirit   .    x - +4 skin of Zhor {*Englaciate rC+++ SInv}
rPois   ∞          Reflect  .    u - +2 helmet {Int+3}
rElec   .          Harm     .    z - +0 cloak
rCorr   .          Rampage  .    F - +2 pair of gloves
Will    +....                    (no boots)
Stlth   ++........               (no amulet)
HPRegen 0.37/turn                E - +4 ring of protection
MPRegen 0.23/turn                B - ring of protection from fire

@: no status effects
A: reduced essence, cold resistance 1, negative energy resistance 3, torment
resistance 2, heat vulnerability 1, in touch with death 2, no potions, faith
a: Renounce Religion, Recall Ancestor, Ancestor Identity, Transference, Idealise


You were on level 1 of the Orcish Mines.
You worshipped Hepliaklqana.
Hepliaklqana was exalted by your worship.
You visited 4 branches of the dungeon, and saw 20 of its levels.
You also visited: Sewer.

You collected 1579 gold pieces.
You spent 837 gold pieces at shops.

Inventory:

Hand Weapons
 p - the +4 mace "Conservator" (weapon) {vorpal, rC+++}
   (You found it on level 5 of the Dungeon)

   It inflicts extra damage upon your enemies.
   rC:        It renders you almost immune to cold.
Armour
 t - a +1 ring mail of fire resistance
 u - a +2 helmet of intelligence (worn)
 x - the +4 skin of Zhor (worn) {*Englaciate rC+++ SInv}
   (You found it on level 3 of the Lair of Beasts)

   It radiates cold, occasionally slowing all nearby creatures who are not
   resistant to cold.
   rC:        It renders you almost immune to cold.
   SInv:      It lets you see invisible.
 y - a +2 buckler (worn)
 z - a +0 cloak (worn)
 F - a +2 pair of gloves (worn)
Jewellery
 c - a ring of magical power
 j - a ring of see invisible
 k - a +4 ring of evasion
 q - a ring of flight
 s - a ring of willpower
 B - a ring of protection from fire (right hand)
 D - a +4 ring of slaying
 E - a +4 ring of protection (left hand)
Wands
 g - a wand of polymorph (4)
 r - a wand of charming (4)
 v - a wand of flame (45)
 G - a wand of iceblast (2)
Scrolls
 a - 3 scrolls of enchant weapon
 b - 6 scrolls of amnesia
 d - 5 scrolls of noise
 e - 5 scrolls of vulnerability
 f - 11 scrolls of identify
 h - a scroll of silence
 i - 4 scrolls of fear
 l - 4 scrolls of fog
 m - 4 scrolls of immolation
 n - 6 scrolls of blinking
 o - 9 scrolls of teleportation
 w - a scroll of enchant armour
 A - a scroll of poison
 C - 2 scrolls of magic mapping
 H - a scroll of brand weapon


   Skills:
 + Level 13.0 Fighting
 + Level 7.1 Armour
 + Level 5.1 Dodging
 + Level 3.3 Stealth
 - Level 5.0 Shields
 + Level 15.5 Spellcasting
 + Level 9.6 Summonings
 - Level 5.0 Necromancy


You had 24 spell levels left.
You knew the following spells:

 Your Spells              Type           Power      Damage    Failure   Level
a - Necrotise             Necr           100%       1d9       1%          1
b - Vampiric Draining     Necr           71%        2d11      1%          3
c - Animate Dead          Necr           71%        N/A       6%          4
d - Call Canine Familiar  Summ           54%        N/A       1%          3
i - Summon Ice Beast      Ice/Summ       36%        N/A       6%          4
v - Summon Mana Viper     Hex/Summ       36%        N/A       19%         5

Your spell library contained the following spells:

 Spells                   Type           Power      Damage    Failure   Level
 Summon Small Mammal      Summ           100%       N/A       1%          1
 Summon Guardian Golem    Hex/Summ       36%        N/A       1%          3
 Apportation              Tloc           32%        N/A       4%          1
 Magic Dart               Conj           64%        1d6       4%          1
 Slow                     Hex            64%        N/A       4%          1
 Searing Ray              Conj           32%        2d5       7%          2
 Confusing Touch          Hex            16%        N/A       14%         3
 Dazzling Flash           Conj/Hex       32%        N/A       14%         3
 Gell's Gravitas          Tloc           16%        N/A       14%         3
 Lesser Beckoning         Tloc           32%        N/A       14%         3
 Teleport Other           Tloc           16%        N/A       14%         3
 Agony                    Necr           71%        N/A       17%         5
 Fulminant Prism          Conj/Hex       8%         3d6       43%         4
 Iskenderun's Mystic Bla  Conj/Tloc      16%        2d5       43%         4
 Monstrous Menagerie      Summ           27%        N/A       58%         7
 Irradiate                Conj/Tmut      8%         3d14      78%         5
 Starburst                Conj/Fire      8%         6d4       100%        6
 Blade Hands              Tmut           Unusable   N/A       N/A         5
 Dragon Form              Tmut           Unusable   N/A       N/A         7

Dungeon Overview and Level Annotations

Branches:
Dungeon (12/15)            Temple (1/1) D:7            Lair (5/5) D:10
 Shoals (0/4) Lair:2        Snake (0/4) Lair:2        Slime (0/5) Lair:5
    Orc (2/2) D:10          Sewer (visited)
    Elf: Orc:2

Altars:
Ashenzari
Cheibriados
Dithmenos
Fedhas
Gozag
Hepliaklqana
Kikubaaqudgha
Makhleb
Nemelex Xobeh
Okawaru
Qazlal
Ru
Sif Muna
Trog
Uskayaw
Vehumet
Wu Jian
Xom
Yredelemnul

Shops:
D:1 (*?[   D:2 (   D:4 [   D:5 **

Annotations:
D:3 3 runed translucent doors, Lobster4's ghost, amateur MiHu; bande's ghost, amateur GrFi; qeuew's ghost, novice FoFi; sirJeffrey23's ghost, amateur FoFi
D:7 1 runed translucent door, Crazy Yiuf


Innate Abilities, Weirdness & Mutations

Your life essence is reduced to manifest your ancestor. (-10% HP)
You are immune to poison.
Your flesh is cold resistant. (rC+)
You are immune to negative energy. (rN+++)
You are immune to unholy pain and torment.
You are vulnerable to heat. (rF-)
You are strongly in touch with the powers of death.
You do not drink.
You have a special connection with the divine. (Faith)


Message History

The orc priest barely misses you. The orc barely misses you.
The orc priest hits Sosibius but does no damage.
The orc warrior closely misses you.
The orc warrior throws a boomerang.
The boomerang misses Sosibius.
You block the boomerang. The orc barely misses you.
An orc comes into view. It is wielding a +0 flail.
The orc completely misses you. The orc warrior closely misses you.
The orc knight roars a battlecry!
There is a stone staircase leading up here.
Casting: Necrotise (safe; 1% risk of failure)
Confirm with . or Enter, or press ? or * to list all spells.
Okay, then.
Unknown command.
The orc priest closely misses you.
The orc warrior shoots a bolt.
The bolt hits you. The orc hits you with a +0 mace!
The orc priest mumbles some strange prayers to Beogh against you.
Beogh smites you!
The orc warrior hits you with a +4 scimitar of holy wrath!
You convulse!
The orc hits you but does no damage.
The orc knight roars a battlecry!
The orc knight goes into a battle-frenzy!
The orc warrior closely misses you. The orc hits you with a +0 club.
Sosibius casts a spell at the orc.
The stone arrow hits the orc!
The orc dies!
You climb upwards.
You radiate an aura of cold.
The orc priest seems to slow down.
Your wolf seems to slow down.
Sosibius is unaffected.
The orc seems to slow down.
The orc warrior seems to slow down.
The orc seems to slow down.
The orc warrior seems to slow down.
Your wolf disappears in a puff of smoke!
There is a stone staircase leading down, spattered with blood here.
Casting: Necrotise (safe; 1% risk of failure)
Confirm with . or Enter, or press ? or * to list all spells.
A mana viper appears with a sibilant hiss.
The orc priest hits you but does no damage.
The orc warrior hits you with a +4 scimitar of holy wrath!!
* * * LOW HITPOINT WARNING * * *
You convulse!!
You die...

######## ###
##.#.##.#####.#####
#.........##...##.####
##.#.#.........#...#.##
#####.....oo)...#..<..#
##.##.......@o[.##.[#.##
##...##..#..oRo......###
##.......#...S.).)[).[..##
#...............##[.[....#
##...............#......##
###....#..............##
##..##.........[.....#
#)..###...........#.##
##.## #...#....#..###


You could see the friendly Sosibius the battlemage, 2 orc warriors, an orc
priest (strong, slow), 2 orcs and a friendly mana viper (summoned).

Vanquished Creatures
  A hydra (Lair:4)
  2 two-headed ogres
  A boulder beetle (D:12)
  A lindwurm (Lair:5)
  A torpor snail (Lair:3)
  4 black mambas
  A guardian serpent (Lair:5)
  2 cane toads (Lair:5)
  2 komodo dragons
  4 rime drakes
  2 hornets
  A troll (D:11)
  A polar bear (Lair:3)
  4 blink frogs
  8 dream sheep
  2 wraiths
  5 wyverns
  4 yaks
  2 vampire mosquitoes (D:11)
  A warg (Orc:1)
  2 basilisks
  2 steam dragons
  9 water moccasins
  5 orc warriors
  2 black bears
  An ice beast (D:5)
  An ogre (Orc:1)
  26 wolves
  2 centaurs
  2 kobold brigands
  A phantom (D:6)
  9 bullfrogs
  A gnoll sergeant (D:8)
  A necrophage (D:7)
  3 scorpions
  6 killer bees (D:9)
  4 howler monkeys
  An orc priest (D:3)
  7 hounds
  Jessica (D:2)
  2 iguanas
  7 orc wizards
  Robin (D:2)
  12 gnolls
  8 adders
  2 river rats (D:4)
  2 shadow imps (D:6)
  2 white imps (D:6)
  2 ufetubi
  2 worms
  2 dart slugs
  25 orcs
  11 endoplasms
  10 giant cockroaches
  12 goblins
  12 hobgoblins
  13 kobolds
  5 quokkas
  13 ball pythons
  4 bats
  10 frilled lizards
  3 rats
295 creatures vanquished.

Vanquished Creatures (collateral kills)
  Gastronok (Lair:3)
  A hydra (Lair:3)
  A catoblepas (Lair:2)
  A two-headed ogre (D:11)
  Sonja (Lair:5)
  2 orc knights (Orc:1)
  3 wolf spiders
  An oklob plant (Lair:2)
  6 black mambas
  11 cane toads
  2 rime drakes
  5 komodo dragons
  A troll (D:10)
  A polar bear (Lair:5)
  8 blink frogs
  10 dream sheep
  2 hornets
  A vampire (D:10)
  2 wraiths
  8 wyverns
  17 yaks
  5 basilisks
  A steam dragon (Lair:2)
  2 vampire mosquitoes (D:11)
  3 wargs
  17 water moccasins
  8 orc warriors
  2 ogres (Orc:2)
  3 black bears
  40 wolves
  2 centaurs
  A kobold brigand (D:8)
  7 bullfrogs
  A necrophage (D:6)
  2 scorpions (D:10)
  5 killer bees (D:9)
  A howler monkey (D:9)
  2 jellies (Lair:5)
  4 orc priests
  4 orc wizards
  An adder (D:2)
  13 orcs
  2 endoplasms (Lair:5)
  A hobgoblin (D:1)
  4 kobolds
  A quokka (Sewer)
  A ball python (Sewer)
  2 bushes (Lair:2)
220 creatures vanquished.

Vanquished Creatures (others)
  A cane toad zombie (Lair:5)
  8 dream sheep zombies
  2 blink frog zombies (Lair:3)
  A vampire mosquito zombie (D:11)
  A wyvern zombie (Lair:5)
  2 water moccasin zombies (Lair:5)
  2 yak zombies (D:10)
  20 wolf zombies
  A black bear zombie (D:10)
  11 battlemagi
  A scorpion zombie (D:10)
  An orc wizard (Orc:2)
  An ancestor (D:8)
  A howler monkey zombie (D:10)
  10 orc zombies
  83 fungi
  92 plants
238 creatures vanquished.

Grand Total: 753 creatures vanquished

Notes
Turn   | Place    | Note
-------+----------+-------------------------------------------
     0 | D:1      | oldriver the Mummy Necromancer began the quest for the Orb.
     0 | D:1      | Reached XP level 1. HP: 13/13 MP: 4/4
    17 | D:1      | Found Romucej's General Store.
    95 | D:1      | Reached skill level 3 in Spellcasting
    97 | D:1      | Reached skill level 1 in Fighting
   221 | D:1      | Reached XP level 2. HP: 21/21 MP: 4/6
   381 | D:1      | Found Doerut's Weapon Boutique.
   462 | D:1      | Found Jumi's Magic Scroll Boutique.
   560 | D:1      | Found Fubbut's Armour Shop.
   756 | D:2      | Noticed Robin
   885 | D:2      | Gained mutation: You are in touch with the powers of death.
                  | [Mummy growth]
   885 | D:2      | Reached XP level 3. HP: 27/27 MP: 8/8
   941 | D:2      | Noticed Jessica
   945 | D:2      | Killed Jessica
   946 | D:2      | Reached skill level 4 in Spellcasting
   952 | D:2      | Learned a level 3 spell: Vampiric Draining
  1018 | D:2      | Reached XP level 4. HP: 34/34 MP: 10/10
  1246 | D:2      | Learned a level 4 spell: Animate Dead
  1313 | D:2      | Found an opulent altar of Gozag.
  1418 | D:2      | Killed Robin
  1696 | D:2      | Found Etadghem's Weapon Boutique.
  2123 | D:3      | Noticed Lobster4's ghost (amateur MiHu)
  2124 | D:3      | Found a runed translucent gate.
  2124 | D:3      | Noticed qeuew's ghost (novice FoFi)
  2125 | D:3      | Noticed bande's ghost (amateur GrFi)
  2125 | D:3      | Noticed sirJeffrey23's ghost (amateur FoFi)
  2126 | D:3      | Found a runed translucent gate.
  2126 | D:3      | Found a runed translucent gate.
  2174 | D:3      | Reached skill level 5 in Spellcasting
  2174 | D:3      | Reached XP level 5. HP: 33/41 MP: 11/12
  3110 | D:4      | Found a glowing drain.
  3199 | Sewer    | Entered a sewer
  3360 | Sewer    | Reached XP level 6. HP: 46/48 MP: 14/14
  3565 | Sewer    | Reached skill level 6 in Spellcasting
  4731 | D:4      | Found Mappeategug's Armour Shop.
  5092 | D:5      | Entered Level 5 of the Dungeon
  5107 | D:5      | Found Rylizeg's CLEARANCE SALE!.
  5113 | D:5      | Reached skill level 5 in Fighting
  5133 | D:5      | Bought a scroll of teleportation for 12 gold pieces
  5133 | D:5      | Upgraded the game from 0.30-a0-365-ge7f957f1db to
                  | 0.30-a0-368-g86fb4627a9
  5205 | D:5      | Found Beongub's General Store.
  5213 | D:5      | Reached XP level 7. HP: 43/56 MP: 15/17
  5358 | D:5      | Reached skill level 7 in Spellcasting
  5535 | D:5      | Identified the +4 mace "Conservator" {vorpal, rC+++}
  5790 | D:5      | Found a blossoming altar of Fedhas.
  6102 | D:6      | Found a radiant altar of Vehumet.
  6183 | D:6      | Reached skill level 8 in Spellcasting
  6204 | D:6      | Learned a level 3 spell: Call Canine Familiar
  6258 | D:6      | Reached XP level 8. HP: 55/65 MP: 15/20
  6401 | D:6      | Reached skill level 1 in Summonings
  6651 | D:6      | Found a sparkling altar of Nemelex Xobeh.
  7113 | D:1      | Bought a +1 ring mail of fire resistance for 176 gold
                  | pieces
  7408 | D:7      | Found a hazy altar of Hepliaklqana.
  7632 | D:7      | Reached skill level 1 in Armour
  7651 | D:7      | Became a worshipper of Hepliaklqana the Forgotten
  7719 | D:7      | Found a broken altar of Ashenzari.
  7873 | D:7      | Found a staircase to the Ecumenical Temple.
  7879 | D:7      | Reached skill level 9 in Spellcasting
  7884 | Temple   | Entered the Ecumenical Temple
  8321 | D:7      | Found a burning altar of Makhleb.
  8457 | D:7      | Found a runed translucent door.
  8458 | D:7      | Noticed Crazy Yiuf
  8618 | D:8      | Reached XP level 9. HP: 72/72 MP: 21/22
  9059 | D:8      | Reached * piety under Hepliaklqana
  9423 | D:8      | Found a stormy altar of Qazlal.
  9437 | D:8      | Found a sacrificial altar of Ru.
  9701 | D:9      | Reached skill level 5 in Necromancy
  9944 | D:9      | Reached ** piety under Hepliaklqana
  9946 | D:9      | Remembered your ancestor Sosibius as a battlemage
 10064 | D:9      | Reached skill level 10 in Spellcasting
 10192 | D:9      | Noticed a two-headed ogre
 10203 | D:9      | Killed a two-headed ogre
 10204 | D:9      | Reached XP level 10. HP: 72/72 MP: 24/24
 10660 | D:9      | Found a shimmering blue altar of Sif Muna.
 10661 | D:9      | Found a hide-covered altar of Uskayaw.
 10663 | D:9      | Found an opulent altar of Gozag.
 10663 | D:9      | Found a snail-covered altar of Cheibriados.
 10665 | D:9      | Found an iron altar of Okawaru.
 10734 | D:9      | You fall into a shaft and drop 3 floors!
 10917 | D:12     | Noticed a boulder beetle
 10930 | D:12     | Killed a boulder beetle
 11117 | D:12     | Noticed a cyclops
 11344 | D:11     | Noticed a two-headed ogre
 11349 | D:11     | Reached skill level 1 in Shields
 11351 | D:11     | Killed a two-headed ogre
 11352 | D:11     | Reached skill level 11 in Spellcasting
 11352 | D:11     | Reached skill level 5 in Summonings
 11579 | D:11     | Reached *** piety under Hepliaklqana
 11734 | D:11     | Noticed a two-headed ogre
 11753 | D:11     | Killed a two-headed ogre
 11754 | D:11     | Reached skill level 5 in Armour
 12069 | D:10     | Entered Level 10 of the Dungeon
 12115 | D:10     | Reached XP level 11. HP: 59/80 MP: 26/26
 12217 | D:10     | Found a staircase to the Lair.
 12380 | D:10     | Found a staircase to the Orcish Mines.
 13024 | D:9      | Reached **** piety under Hepliaklqana
 13142 | Lair:1   | Entered Level 1 of the Lair of Beasts
 13320 | Lair:1   | Reached skill level 12 in Spellcasting
 13348 | Lair:1   | Reached skill level 10 in Fighting
 14012 | Lair:2   | Found a staircase to the Snake Pit.
 14359 | Lair:2   | Found a staircase to the Shoals.
 14593 | Lair:2   | Noticed an oklob plant
 14656 | Lair:2   | Noticed a catoblepas
 14668 | Lair:2   | Killed a catoblepas
 14880 | Lair:2   | Reached ***** piety under Hepliaklqana
 14896 | Lair:2   | Reached XP level 12. HP: 64/88 MP: 28/28
 15181 | Lair:3   | Noticed a five-headed hydra
 15189 | Lair:3   | Killed a five-headed hydra
 15210 | Lair:3   | Found the +4 skin of Zhor {*Englaciate rC+++ SInv}
 15810 | Lair:3   | Reached skill level 5 in Shields
 15825 | Lair:3   | Reached skill level 13 in Spellcasting
 15828 | Lair:3   | Noticed Gastronok
 15843 | Lair:3   | Killed Gastronok
 16636 | Lair:3   | Reached skill level 5 in Dodging
 16810 | Lair:4   | Noticed a seven-headed hydra
 16821 | Lair:4   | Killed a seven-headed hydra
 17159 | Lair:4   | Gained mutation: You are strongly in touch with the powers
                  | of death. [Mummy growth]
 17159 | Lair:4   | Reached XP level 13. HP: 95/95 MP: 30/30
 17907 | Lair:4   | Reached skill level 14 in Spellcasting
 18506 | Lair:5   | Entered Level 5 of the Lair of Beasts
 18720 | Lair:5   | Noticed Sonja
 18726 | Lair:5   | Killed Sonja
 18998 | Lair:5   | Reached ****** piety under Hepliaklqana
 19445 | Lair:5   | Reached skill level 15 in Spellcasting
 19569 | Lair:5   | Found a staircase to the Slime Pits.
 20431 | Lair:5   | Reached XP level 14. HP: 79/104 MP: 2/33
 20898 | D:1      | Bought a scroll of enchant armour for 97 gold pieces
 20898 | D:1      | Bought a scroll of blinking for 97 gold pieces
 20898 | D:1      | Bought a scroll of teleportation for 39 gold pieces
 20898 | D:1      | Bought a scroll of teleportation for 39 gold pieces
 20898 | D:1      | Bought a scroll of fear for 52 gold pieces
 20905 | D:1      | Learned a level 4 spell: Summon Ice Beast
 20911 | D:1      | Learned a level 5 spell: Summon Mana Viper
 21578 | D:1      | Bought a ring of protection from fire for 325 gold pieces
 21785 | Orc:1    | Entered Level 1 of the Orcish Mines
 21955 | Orc:2    | Entered Level 2 of the Orcish Mines
 22461 | Orc:1    | Slain by an orc warrior

Illustrated notes

Levels and vault maps discovered:
D:1:      wander_arrival_abandoned_jail, layout_rooms, serial_corexii_hall,
          chequers_hall_statues_wall_a, chequers_hall_statues_corner_a,
          serial_shops, nicolae_shop_behind_doors, shop_scrolls,
          nicolae_shop_crystal, shop_statue
D:2:      layout_loops_ring, serial_shops, nicolae_shop_behind_doors,
          basic_altar, uniq_robin, uniq_jessica
D:3:      layout_loops_ring, gammafunk_ghost_cemetery
D:4:      layout_basic, portal_sewer_entry_e, serial_shops, shop_fountains
D:5:      layout_basic, overflow_temple_1_default, serial_shops,
          nicolae_shop_waterfront, nicolae_shop_clearance
D:6:      layout_basic, fiery_altar_vehumet, mainiacjoe_overflow_tiny_flanked,
          dk_noncrumbling_4
D:7:      layout_basic, makhleb_heckhound_becter, old_standard_altar,
          nicolae_overflow_crystal_walls, minmay_temple_entry_glassed_door,
          chequers_hall_statues_corner_a, uniq_crazy_yiuf_cottage
D:8:      layout_loops_ring, minitemple, hex_tiny
D:9:      minmay_general_purpose_star, layout_stronghold,
          mainiacjoe_overflow_brackets, grunt_temple_overflow_open,
          grunt_ministairs_2
D:10:     layout_basic, due_lair_maze_entry_diamond, orc_0_dummy
D:11:     layout_loops_ring, chequers_serial_rivers_large_a
D:12:     layout_basic
Temple:   nicolae_temple_superstar
Lair:1:   layout_loops_ring
Lair:2:   layout_chaotic_city, elwin_shoals_entry_rocks,
          minmay_snake_entry_six_corridors, minmay_lair_oklob_bushes
Lair:3:   layout_layer_cave, serial_bayou_pond_e, hellmonk_guarded_unrand_zhor,
          uniq_gastronok
Lair:4:   layout_cave_pods, nicolae_lair_run_with_the_wolves
Lair:5:   hangedman_lair_tendril_chambers, layout_concentric_octagons,
          nicolae_slime_entry_slimehenge, grunt_forest_large_clearings,
          uniq_sonja
Orc:1:    layout_caves, basic_altar
Orc:2:    grunt_orc_tribal_feast, layout_caves, mines2_david

Skill      XL: |  1  2  3  4  5  6  7  8  9 10 11 12 13 14 |
---------------+-------------------------------------------+-----
Spellcasting   | 3 4 5 6 8 9 10 11 12 13 15 | 15.5
Fighting       | 1 2 3 4 5 6 7 8 9 10 11 12 13 | 13.0
Stealth        | 3 |  3.3
Dodging        | 3 5 |  5.1
Summonings     | 2 4 5 6 7 9 |  9.6
Armour         | 1 3 5 6 7 |  7.1
Necromancy     | 5 |  5.0
Shields        | 2 4 5 |  5.0

Action                   |  1- 3 |  4- 6 |  7- 9 | 10-12 | 13-15 || total
-------------------------+-------+-------+-------+-------+-------++-------
Melee: Unarmed           |     5 |       |       |       |       ||     5
       Dagger            |       |    34 |     5 |       |       ||    39
       Punch             |       |     1 |     1 |       |       ||     2
       Mace              |       |       |    33 |    66 |    56 ||   155
 Cast: Necrotise         |    49 |   191 |   194 |   227 |   212 ||   873
       Vampiric Draining |       |    10 |    37 |    61 |    60 ||   168
       Call Canine Famil |       |       |     7 |    42 |    24 ||    73
       Animate Dead      |       |       |       |    15 |     8 ||    23
       Summon Mana Viper |       |       |       |       |     8 ||     8
       Summon Ice Beast  |       |       |       |       |     5 ||     5
Invok: Ancestor Life: Ba |       |       |     1 |       |       ||     1
       Recall Ancestor   |       |       |       |     5 |     3 ||     8
Evoke: Wand              |       |       |       |       |     3 ||     3
  Use: Scroll            |       |     9 |     2 |     1 |     4 ||    16
 Stab: Distracted        |       |       |       |     2 |     1 ||     3
Armor: Robe              |     3 |     2 |       |       |       ||     5
       Animal skin       |       |    19 |    21 |       |    19 ||    59
       Ring mail         |       |       |    37 |    84 |   100 ||   221
Dodge: Dodged            |     8 |    95 |   110 |   186 |   237 ||   636
Block: Buckler           |       |       |       |    53 |    85 ||   138

Table legend: (Time is in decaauts)
 A = Elapsed time spent in this place.
 B = Non-inter-level travel time spent in this place.
 C = Inter-level travel time spent in this place.
 D = Time resting spent in this place.
 E = Time spent auto-exploring this place.
 F = Levels seen in this place.
 G = Mean time per level.
                   A        B        C        D        E       F      G
               +--------+--------+--------+--------+--------+-----+--------+
         Total |  22703 |  20840 |   1863 |   1987 |  14531 |  21 | 1081.1 |
       Dungeon |  13047 |  11494 |   1553 |    792 |   8747 |  12 | 1087.2 |
        Temple |    149 |    128 |     21 |      0 |    119 |   1 |  149.0 |
          Lair |   7853 |   7565 |    288 |    529 |   5184 |   5 | 1570.6 |
  Orcish Mines |    684 |    684 |      0 |    374 |    123 |   2 |  342.0 |
         Sewer |    967 |    967 |      0 |    292 |    357 |   1 |  967.0 |
               +--------+--------+--------+--------+--------+-----+--------+

Top non-repeatable levels by time:
  Lair:5: 2144 daAuts
  Lair:4: 1781 daAuts
  Lair:3: 1650 daAuts
  Lair:2: 1539 daAuts
     D:3: 1424 daAuts
     D:4: 1373 daAuts
     D:9: 1277 daAuts
     D:2: 1223 daAuts
     D:7: 1175 daAuts
     D:5: 1155 daAuts
     D:8: 1106 daAuts
    D:10: 1022 daAuts
     D:6: 1005 daAuts
   Sewer: 967 daAuts
    D:11: 961 daAuts
